 Dungeon Crawl Stone Soup version 0.30-a0-51-g784eafce7f (webtiles) character file.

Game seed: 2767433553856017604

596 BritishOli the Trooper (level 7, -2/58 HPs)
             Began as a Demonspawn Fighter on Sept 6, 2022.
             Slain by a hornet (11 damage)
             ... on level 4 of the Dungeon.
             The game lasted 00:04:16 (4836 turns).

BritishOli the Trooper (Demonspawn Fighter)         Turns: 4836, Time: 00:04:16

Health: -2/58      AC: 10    Str: 19    XL:     7   Next: 17%
Magic:  7/7        EV:  9    Int:  9    God:
Gold:   210        SH:  4    Dex: 12    Spells: 6/6 levels left

rFire   . . .      SeeInvis .    a - +0 long sword
rCold   . . .      Faith    .    c - +0 buckler
rNeg    . . .      Spirit   .    b - +0 scale mail
rPois   .          Reflect  .    (no helmet)
rElec   .          Harm     .    q - +0 cloak
rCorr   .          Rampage  .    (no gloves)
Will    .....                    (no boots)
Stlth   ..........               (no amulet)
HPRegen 0.19/turn                (no ring)
MPRegen 0.10/turn                (no ring)

@: lethally poisoned (-2 -> -6), slowed, very slow
A: molten scales 2, ignite blood 1, weakness stinger 1
a: no special abilities


You were on level 4 of the Dungeon.
You visited 1 branch of the dungeon, and saw 4 of its levels.

You collected 210 gold pieces.

Inventory:

Hand Weapons
 a - a +0 long sword (weapon)
Armour
 b - a +0 scale mail (worn)
 c - a +0 buckler (worn)
 q - a +0 cloak (worn)
Scrolls
 e - 10 scrolls of identify {unknown}
 f - a scroll of magic mapping {unknown}
 i - a scroll of acquirement {unknown}
 j - a scroll of vulnerability {unknown}
 m - a scroll of immolation {unknown}
 n - a scroll of enchant weapon {unknown}
 o - a scroll of amnesia {unknown}
 p - a scroll of summoning {unknown}
Potions
 d - 3 potions of might
 g - 2 potions of mutation {unknown}
 h - 2 potions of heal wounds
 k - a potion of curing {unknown}
 l - a potion of resistance {unknown}


   Skills:
 + Level 6.0 Fighting
 + Level 5.1 Long Blades
 - Level 3.0 Armour
 - Level 3.0 Shields


You had 6 spell levels left.
You didn't know any spells.
Your spell library was empty.

Dungeon Overview and Level Annotations

Branches:
Dungeon (4/15)
 Temple: D:4-7

Altars:
Gozag


Innate Abilities, Weirdness & Mutations

You are mostly covered in molten scales. (AC +3)
Your demonic aura sometimes causes spilled blood to erupt in flames.
You have a small tail.


Message History

You are poisoned.
You suddenly lose the ability to move!
The bullfrog hits you. The hornet stings you.
You feel yourself slow down.
You feel very sick.
The bullfrog hits you but does no damage.
The hornet stings you!
You are more poisoned.
You feel as though you will be slow longer.
You can move again.
The hornet attacks as you move away! The hornet stings you.
You are more poisoned.
You feel as though you will be slow longer.
You feel extremely sick.
The hornet is engulfed in blazing flames.
The hornet stings you but does no damage.
The hornet is engulfed in blazing flames.
The hornet closely misses you.
It was a potion of heal wounds.
You feel much better.
You feel very sick.
The hornet is engulfed in blazing flames.
You block the hornet's attack.
The hornet is engulfed in blazing flames.
The hornet stings you but does no damage.
You closely miss the hornet.
Your tail-slap misses the hornet.
The hornet is severely wounded.
You feel very sick. The hornet stings you.
You feel as though you will be slow longer.
You block the hornet's attack.
You barely miss the hornet.
The hornet is severely wounded.
You feel very sick. The hornet barely misses you.
The hornet closely misses you. The hornet stings you.
* * * LOW HITPOINT WARNING * * *
You feel as though you will be slow longer.
You miss the hornet.
The hornet is severely wounded.
You feel sick. The hornet stings you!
You die...

#####......##
#........###
........#..#
#..........##
#####......#
#...........## ###....#
#............# #########
#............## ≈≈≈≈§≈§
#.............# ≈.....§
#.............##
≈.###.≈##..............#
≈B###.Fy@..............#
§.###.≈###.............#
### §...$.≈
#............## ##.##
§≈≈≈≈§≈ #...........##
#...##########
##..........# ##....#
!..# #.........####.
#.....# #..
#####....##.... #.....#
#..## #####....#
###....##
#..###.....###....


You could see a hornet, a bullfrog and a giant cockroach.

Vanquished Creatures
  Grinder (D:4)
  A black bear (D:4)
  A howler monkey (D:3)
  A hound (D:4)
  2 jellies (D:4)
  An iguana (D:4)
  An orc wizard (D:3)
  5 adders
  A shadow imp (D:4)
  A white imp (D:4)
  2 dart slugs
  7 orcs (D:3)
  5 endoplasms
  3 giant cockroaches
  2 hobgoblins
  10 jackals
  6 quokkas
  10 ball pythons
  5 bats
  8 frilled lizards
  3 goblins
  2 kobolds
  6 rats
  A butterfly (D:2)
85 creatures vanquished.

Notes
Turn   | Place    | Note
-------+----------+-------------------------------------------
     0 | D:1      | BritishOli the Demonspawn Fighter began the quest for the
                  | Orb.
     0 | D:1      | Reached XP level 1. HP: 18/18 MP: 1/1
   184 | D:1      | Gained mutation: Your demonic aura sometimes causes spilled
                  | blood to erupt in flames. [demonic ancestry]
   184 | D:1      | Reached XP level 2. HP: 8/24 MP: 2/2
  1098 | D:1      | Gained mutation: You have a small tail. [demonic ancestry]
  1098 | D:1      | Reached XP level 3. HP: 29/29 MP: 3/3
  2344 | D:3      | Reached XP level 4. HP: 37/37 MP: 4/4
  2391 | D:3      | Found a faded altar of an unknown god.
  2405 | D:3      | Found an opulent altar of Gozag.
  2776 | D:3      | Reached skill level 4 in Fighting
  3103 | D:3      | Reached XP level 5. HP: 43/43 MP: 5/5
  3856 | D:4      | Noticed a black bear
  3861 | D:4      | Killed a black bear
  3862 | D:4      | Reached skill level 5 in Fighting
  3862 | D:4      | Gained mutation: You are partially covered in molten
                  | scales. (AC +2) [demonic ancestry]
  3862 | D:4      | Reached XP level 6. HP: 43/51 MP: 6/6
  4598 | D:4      | Noticed Grinder
  4615 | D:4      | Killed Grinder
  4616 | D:4      | Reached skill level 6 in Fighting
  4616 | D:4      | Reached skill level 5 in Long Blades
  4616 | D:4      | Gained mutation: You are mostly covered in molten scales.
                  | (AC +3) [demonic ancestry]
  4616 | D:4      | Reached XP level 7. HP: 19/58 MP: 7/7
  4828 | D:4      | Noticed a hornet
  4830 | D:4      | Paralysed by a hornet for 2 turns
  4836 | D:4      | Slain by a hornet

Illustrated notes

Levels and vault maps discovered:
D:1:      nzn_arrival_water_spiral, layout_loops_cross, minmay_misc_feat_x,
          hangedman_glass_garden
D:2:      layout_rooms, nicolae_figureground_pulse
D:3:      layout_loops_corners, grunt_gozag_breadcrumbs,
          dreamdust_ecumenical_altar_statues, st_stairs_4
D:4:      layout_cave_pods, kennysheep_generic_room_11, uniq_grinder

Skill      XL: |  1  2  3  4  5  6 |
---------------+-------------------+-----
Long Blades    | 2 3 4 5 |  5.1
Armour         | 3 |  3.0
Shields        | 3 |  3.0
Fighting       | 4 5 6 |  6.0

Action                   |  1- 3 |  4- 6 |  7- 9 || total
-------------------------+-------+-------+-------++-------
Melee: Long sword        |   136 |   163 |     4 ||   303
       Tailslap          |     4 |    18 |       ||    22
  Use: Potion            |       |       |     1 ||     1
Armor: Scale mail        |    81 |    81 |     3 ||   165
Dodge: Dodged            |    75 |    84 |     4 ||   163
Block: Buckler           |    32 |    38 |     2 ||    72

Table legend: (Time is in decaauts)
 A = Elapsed time spent in this place.
 B = Non-inter-level travel time spent in this place.
 C = Inter-level travel time spent in this place.
 D = Time resting spent in this place.
 E = Time spent auto-exploring this place.
 F = Levels seen in this place.
 G = Mean time per level.
                   A        B        C        D        E       F      G
               +--------+--------+--------+--------+--------+-----+--------+
         Total |   4926 |   4796 |    130 |     57 |   4056 |   4 | 1231.5 |
       Dungeon |   4926 |   4796 |    130 |     57 |   4056 |   4 | 1231.5 |
               +--------+--------+--------+--------+--------+-----+--------+

Top non-repeatable levels by time:
     D:4: 1329 daAuts
     D:3: 1293 daAuts
     D:1: 1286 daAuts
     D:2: 1018 daAuts
